Description

Beginner zerg build, economic opening.

Build Order

Get SALT Encoding   

  13  0:12  Overlord  
  16  0:49  Hatchery  
  18  1:10  Spawning Pool  
  17  1:15  Extractor  
  19  1:40  Overlord  
  20  2:00  Queen x2  
  24  2:05  Zergling x3  
  27  2:15  Metabolic Boost  @100 gas
  31  2:30  Overlord, Queen  
  35  3:00  Roach Warren, Burrow  @100 gas
  41  3:15  Overlord x2  
  45  3:20  Queen  
  50  3:30  Hatchery  
  55  4:00  Extractor, Lair  lair, 1 gas
  60  4:30  Evolution Chamber x2  upgrade when done
  65  5:30  Extractor x4  all gasses
Spawning Tool Build Advisor. Get it on Overwolf

Go to:

Details

  • Created by: JohnT
  • Published on: Jan 01, 2019
  • Modified on: Jan 01, 2019
  • Patch: 4.7.1
Show
View Real Time Build Order
Export as new Build Order

Comments (0)

There are no comments. Be the first!

Create an account to comment!